 Dungeon Crawl Stone Soup version 0.31-a0-145-g046c7d2549 (webtiles) character file.

Game seed: 16744316596102929783

51 Iich the Trooper (level 3, -3/29 HPs)
             Began as a Demonspawn Fighter on June 6, 2023.
             Slain by Crazy Yiuf
             ... wielding a +4 quarterstaff of chaos
              (12 damage)
             ... on level 2 of the Dungeon.
             The game lasted 00:01:54 (1524 turns).

Iich the Trooper (Demonspawn Fighter)               Turns: 1524, Time: 00:01:55

Health: -3/29      AC:  6    Str: 18    XL:     3   Next: 58%
Magic:  3/3        EV:  9    Int:  9    God:
Gold:   81         SH:  5    Dex: 18    Spells: 2/2 levels left

rFire   . . .        a - +0 war axe
rCold   . . .        c - +0 buckler
rNeg    . . .        b - +0 scale mail
rPois   .            (no helmet)
rElec   .            (no cloak)
rCorr   .            (no gloves)
SInv    .            (no boots)
Will    .....        (no amulet) Stlth
                     g - +6 ring of dexterity
HPRegen 0.24/turn    (no ring)
MPRegen 0.08/turn

%: no passive effects
@: mighty
A: powered by death 1
a: no special abilities


You were on level 2 of the Dungeon.
You visited 1 branch of the dungeon, and saw 2 of its levels.

You collected 81 gold pieces.

Inventory:

Hand Weapons
 a - a +0 war axe (weapon)
Armour
 b - a +0 scale mail (worn)
 c - a +0 buckler (worn)
 e - a +0 tower shield
Jewellery
 g - a +6 ring of dexterity (left hand)
Scrolls
 h - a scroll of silence {unknown}
 k - a scroll of enchant armour {unknown}
 t - a scroll of teleportation
 B - a scroll of blinking
Potions
 f - a potion of enlightenment
 j - a potion of brilliance {unknown}


   Skills:
 + Level 3.6 Fighting
 * Level 3.1 Axes
 - Level 2.6 Armour
 - Level 2.6 Shields


You had 2 spell levels left.
You didn't know any spells.
Your spell library contained the following spells:

 Spells                   Type           Power      Damage    Failure   Level
 Lesser Beckoning         Tloc           0%         N/A       94%         2
 Gell's Gravitas          Tloc           0%         N/A       99%         3
 Ozocubu's Armour         Ice            0%         N/A       99%         3
 Teleport Other           Tloc           0%         N/A       99%         3
 Ozocubu's Refrigeration  Ice            0%         4d7       100%        7


Dungeon Overview and Level Annotations

Branches:
Dungeon (2/15)

Altars:

Annotations:
D:2 Crazy Yiuf


Innate Abilities, Weirdness & Mutations

You regenerate a little health from kills.


Message History

Your Axes skill increases to level 3!
You have reached level 3!
Your experience leads to an increase in your attributes!
Your base attributes are Str 16, Int 9, Dex 12.
Increase (s)trength, (i)ntelligence, or (d)exterity?
You feel stronger. x2
You regained 7 hp, and now have 22/29 hp.
MP restored: 3 HP restored.
k - a scroll labelled MEHIVI RALAH Health restored: 29
l - a scroll labelled IHIFFI BEAFEN
There is an open door here.
You see here a +0 short sword.
There is an escape hatch in the floor here.
You see here 4 stones.
Things that are here:
a +0 whip; 2 stones
There is a stone staircase leading down here.
Key pressed, stopping explore.
As you read the scroll of identify, it crumbles to dust.
l - a scroll of blinking;
B - a scroll of blinking
Found a stone staircase leading down.
Crazy Yiuf shouts!
Could not explore, unopened runed door.
You feel very mighty all of a sudden.
Crazy Yiuf screams, "Two tortoise shrimp!"
As you open the door, it creaks loudly!
Crazy Yiuf says, "Crazy?
Crazy!?
PORCUPINE!"
You closely miss Crazy Yiuf.
Crazy Yiuf cries, "Whippet shoe sallow!"
You block Crazy Yiuf's attack.
Crazy Yiuf hits you with a +4 quarterstaff of chaos!
Crazy Yiuf burns you!
* * * LOW HITPOINT WARNING * * *
You take 20 damage, and have 9/29 hp. !!!!--MASSIVE DAMAGE--!!!!
You hit Crazy Yiuf.
Crazy Yiuf is lightly wounded.
Crazy Yiuf hits you with a +4 quarterstaff of chaos!
You die...

#..# #.# #..# #.#.#
#..# #.# #..# #.#..
...###.##
#..######.#.#
#.###...##
#####........
#......[.# #####.#.#
#####...## #####.#.#
##...# ###
♣♣##.....#.# ### #####
#)..#♣♣ ♣♣.#..#####.#
..#
#...g@♣♣♣♣......####.#
#.########
#...#♣..♣............#
#........# ###
♣♣♣.♣..#.....####
#.########
♣♣♣♣♣#####.#
#.##.....# #.#
#........# ####### #.#
#.##.##### #..##.# #.#
#.##.# #######..##.###
#.# #.##.#
#.......<.....# #.#


You could see Crazy Yiuf.

Vanquished Creatures
  Jessica (D:2)
  A dart slug (D:1)
  3 endoplasms (D:1)
  A giant cockroach (D:2)
  2 goblins (D:1)
  3 hobgoblins (D:1)
  A quokka (D:2)
  A ball python (D:1)
  2 bats (D:1)
  3 frilled lizards
  3 kobolds
  2 rats
23 creatures vanquished.

Notes
Turn   | Place    | Note
-------+----------+-------------------------------------------
     0 | D:1      | Iich the Demonspawn Fighter began the quest for the Orb.
     0 | D:1      | Reached XP level 1. HP: 18/18 MP: 1/1
   465 | D:1      | Gained mutation: You regenerate a little health from kills.
                  | [demonic ancestry]
   465 | D:1      | Reached XP level 2. HP: 24/24 MP: 2/2
   925 | D:2      | Found a runed translucent door.
   926 | D:2      | Noticed Crazy Yiuf
  1267 | D:2      | Noticed Jessica
  1277 | D:2      | Killed Jessica
  1278 | D:2      | Reached XP level 3. HP: 22/29 MP: 3/3
  1524 | D:2      | Slain by Crazy Yiuf

Illustrated notes

Levels and vault maps discovered:
D:1:      dpeg_arrival_concentric_ovals, layout_basic, minmay_unequal
D:2:      layout_loops_ring, kennysheep_jessica_study, uniq_crazy_yiuf_cottage

Skill      XL: |  1  2 |
---------------+-------+-----
Axes           | 2 3 |  3.1
Fighting       | |  3.6
Armour         | |  2.6
Shields        | |  2.6

Action                     || total
---------------------------++-------
  Melee: War axe           ||    51
    Use: Scroll            ||     3
         Potion            ||     1
 Armour: Scale mail        ||    18
  Dodge: Dodged            ||    21
  Block: Buckler           ||    19

Table legend: (Time is in decaauts)
 A = Elapsed time spent in this place.
 B = Non-inter-level travel time spent in this place.
 C = Inter-level travel time spent in this place.
 D = Time resting spent in this place.
 E = Time spent auto-exploring this place.
 F = Levels seen in this place.
 G = Mean time per level.
                   A        B        C        D        E       F      G
               +--------+--------+--------+--------+--------+-----+--------+
         Total |   1544 |   1517 |     27 |      0 |   1317 |   2 |  772.0 |
       Dungeon |   1544 |   1517 |     27 |      0 |   1317 |   2 |  772.0 |
               +--------+--------+--------+--------+--------+-----+--------+

Top non-repeatable levels by time:
     D:1: 815 daAuts
     D:2: 728 daAuts
